 Dungeon Sprint DCSS version 0.27-a0-1084-g78b3836a5f (webtiles) character file.

Game seed: 6715789610992458506

46445 mhtbhm the Archmage (level 14, -23/72 HPs)
             Began as a Deep Elf Fire Elementalist on Apr 26, 2021.
             Was the Champion of Vehumet.
             Annihilated by a pearl dragon (30 damage)
             ... in the Dungeon (Sprint V: "Ziggurat Sprint").
             The game lasted 00:10:22 (1836 turns).

mhtbhm the Archmage (Deep Elf Fire Elementalist)    Turns: 1836, Time: 00:10:22

Health: -23/72     AC:  7    Str:  5    XL:     14   Next: 4%
Magic:  23/47      EV: 17    Int: 38    God:    Vehumet [******]
Gold:   0          SH:  0    Dex: 15    Spells: 29/67 levels left

rFire    + + .     SeeInvis .   C - +8 lance "Wyrmbane" {slay drac, rPois rF+ rC+ AC+3}
rCold    + + .     Faith    .   (no shield)
rNeg     . . .     Spirit   .   a - +1 robe {rC+ rF+}
rPois    +         Reflect  .   (no helmet)
rElec    .         Harm     .   E - +0 cloak
rCorr    .         Rampage  .   (no gloves)
Will     +....     NoTele   +   (no boots)
Stlth    +.........             s - amulet of regeneration
HPRegen  1.22/turn              u - +6 ring of intelligence
MPRegen  0.30/turn              v - +6 ring of intelligence

@: glowing
A: no striking features
a: Renounce Religion


You were in the Dungeon.
You worshipped Vehumet.
Vehumet was exalted by your worship.
You visited 1 branch

Inventory:

Hand Weapons
 C - the +8 lance "Wyrmbane" (weapon) {slay drac, rPois rF+ rC+ AC+3}
   (You found it in the Dungeon)

   It affects your AC (+3).
   It protects you from fire.
   It protects you from cold.
   It protects you from poison.
 D - the +7 lajatang of Order {silver, rMut}
   (You took it off a deep elf sorcerer in the Dungeon)

   It protects you from mutation.
Armour
 a - a +1 robe of resistance (worn)
 E - a +0 cloak (worn)
Jewellery
 s - an amulet of regeneration (around neck)
 u - a +6 ring of intelligence (left hand)
 v - a +6 ring of intelligence (right hand)
Wands
 w - a wand of flame (23)
 y - a wand of mindburst (6)
 z - a wand of iceblast (1)
Scrolls
 m - 4 scrolls of amnesia
 n - 7 scrolls of fog
 o - a scroll of holy word
 p - 5 scrolls of identify
 q - a scroll of fear
Potions
 b - 2 potions of brilliance
 c - 10 potions of curing
 d - 13 potions of heal wounds
 e - 6 potions of haste
 f - 6 potions of magic
 g - 3 potions of berserk rage
 i - 2 potions of invisibility
 j - 4 potions of resistance
 k - a potion of experience
 l - 7 potions of might
 x - a potion of flight {unknown}
Miscellaneous
 r - a condenser vane
 t - a tin of tremorstones (inert)
 A - a phantom mirror
 B - a lightning rod (4/4)


   Skills:
 + Level 2.3 Fighting
 + Level 11.0 Dodging
 - Level 5.0 Stealth
 O Level 27 Spellcasting
 + Level 8.3 Conjurations
 + Level 25.6 Fire Magic
 + Level 12.6 Evocations


You had 29 spell levels left.
You knew the following spells:

 Your Spells              Type           Power      Damage    Failure   Level
a - Foxfire               Conj/Fire      100%       2x1d9     0%          1
b - Conjure Flame         Conj/Fire      100%       6-21      0%          3
c - Inner Flame           Hex/Fire       99%        N/A       0%          3
d - Sticky Flame          Conj/Fire      100%       2d11      0%          4
e - Fireball              Conj/Fire      55%        3d21      0%          5
f - Ignition              Fire           64%        3d17      1%          8
g - Lee's Rapid Deconstr  Erth           25%        3d15*     2%          5
h - Shatter               Erth           25%        3d21*     100%        9

Your spell library contained the following spells:

 Spells                   Type           Power      Damage    Failure   Level
 Ozocubu's Refrigeration  Ice            25%        4d10      56%         7
 Magic Dart               Conj           100%       1d8       0%          1
 Searing Ray              Conj           100%       3d7       0%          2
 Apportation              Tloc           100%       N/A       1%          1
 Shock                    Conj/Air       100%       1d9       1%          1
 Ensorcelled Hibernation  Hex/Ice        100%       N/A       1%          2
 Passwall                 Tmut/Erth      41%        N/A       1%          2
 Static Discharge         Conj/Air       70%        N/A       1%          2
 Sublimation of Blood     Necr           25%        N/A       1%          2
 Confusing Touch          Hex            50%        N/A       1%          3
 Dazzling Flash           Conj/Hex       100%       N/A       1%          3
 Gell's Gravitas          Tloc           25%        N/A       1%          3
 Ignite Poison            Fire/Tmut/Pois 86%        N/A       1%          3
 Lesser Beckoning         Tloc           25%        N/A       1%          3
 Portal Projectile        Hex/Tloc       100%       N/A       1%          3
 Swiftness                Air            50%        N/A       1%          3
 Tukima's Dance           Hex            50%        N/A       1%          3
 Airstrike                Air            25%        N/A       1%          4
 Fulminant Prism          Conj/Hex       35%        3d18      1%          4
 Iskenderun's Mystic Bla  Conj/Tloc      70%        2d14      1%          4
 Irradiate                Conj/Tmut      35%        3d25      1%          5
 Lightning Bolt           Conj/Air       35%        1d53      1%          5
 Starburst                Conj/Fire      55%        8x6d15    1%          6
 Yara's Violent Unravell  Hex/Tmut       25%        3d11      2%          5
 Conjure Ball Lightning   Conj/Air       35%        3x3d11    2%          6
 Animate Armour           Summ/Erth      100%       N/A       3%          4
 Passage of Golubria      Tloc           N/A        N/A       3%          4
 Petrify                  Tmut/Erth      50%        N/A       3%          4
 Summon Lightning Spire   Summ/Air       50%        N/A       3%          4
 Alistair's Intoxication  Tmut/Pois      33%        N/A       10%         5
 Borgnjor's Vile Clutch   Necr/Erth      25%        N/A       10%         5
 Manifold Assault         Tloc           50%        N/A       10%         5
 Metabolic Englaciation   Hex/Ice        25%        N/A       10%         5
 Silence                  Hex/Air        25%        N/A       10%         5
 Eringya's Noxious Bog    Tmut/Pois      25%        N/A       14%         6
 Dispersal                Tloc           25%        N/A       47%         6
 Invisibility             Hex            50%        N/A       47%         6
 Shadow Creatures         Summ           N/A        N/A       47%         6
 Haunt                    Necr/Summ      25%        N/A       96%         7
 Malign Gateway           Summ/Tloc      25%        N/A       96%         7
 Monstrous Menagerie      Summ           25%        N/A       96%         7
 Disjunction              Tloc           25%        N/A       100%        8
 Summon Horrible Things   Summ           25%        N/A       100%        8
 Tornado                  Air            25%        N/A       100%        9


Dungeon Overview and Level Annotations

Branches:
Dungeon (1/1)

Altars:
Ashenzari
Cheibriados
Dithmenos
Elyvilon
Fedhas
Gozag
Hepliaklqana
Kikubaaqudgha
Makhleb
Nemelex Xobeh
Okawaru
Qazlal
Ru
Sif Muna
Trog
Uskayaw
Vehumet
Wu Jian
Xom
Yredelemnul
Zin
The Shining One
Beogh
Jiyva
Lugonu


Message History

Your lightning rod (4/4) has regained one charge.
Your tin of tremorstones (2/2) has regained one charge.
Your Dodging skill increases to level 11!
You have reached level 14!
Unknown command.
Unknown command.
The tremorstone explodes into fragments!
The burst of rock shards engulfs the angel.
The burst of rock shards engulfs the pearl dragon.
The burst of rock shards engulfs the angel!
The burst of rock shards engulfs the pearl dragon but does no damage.
The burst of rock shards engulfs the angel.
The burst of rock shards engulfs the pearl dragon.
The burst of rock shards engulfs the angel but does no damage.
The burst of rock shards engulfs the apis.
The angel gestures.
The angel is healed somewhat.
The pearl dragon breathes cleansing flame at you.
The blast of cleansing flame misses you.
Unknown command.
Unknown command.
Unknown command.
Unknown command.
Unknown command.
Unknown command.
The tremorstone explodes into fragments!
The burst of rock shards engulfs the angel but does no damage.
The burst of rock shards engulfs the pearl dragon.
The burst of rock shards engulfs you! x2
The burst of rock shards engulfs the pearl dragon but does no damage.
The burst of rock shards engulfs the apis but does no damage.
The burst of rock shards engulfs the angel but does no damage.
The burst of rock shards engulfs the pearl dragon but does no damage.
The burst of rock shards engulfs you.
* * * LOW HITPOINT WARNING * * *
The tin is emptied!
You are engulfed in blessed fire.
* * * LOW HITPOINT WARNING * * *
The angel gestures.
The angel is healed somewhat.
The pearl dragon bites you!!
You die...

▓.[.=.▓.))
▓..[[})[)}..▓▓..[..▓...
▓......)....▓▓.....▓...
▓...........▓▓.....▓...
.......Y... ▓.....▓...
......... ▓..©..▓..©
▓.A...▓ ▓▓▓▓▓▓▓▓▓▓▓
▓▓§D§▓▓ ▓..8©8...▓.
▓..▓.§@§.▓..▓..[=[...▓.
▓....§§§§...▓...|....▓.
▓▓▓▓▓▓▓▓▓▓▓▓▓........▓.
▓....8©8....▓...†....▓.
▓..)=)[.)}..▓.▓.†..▓.▓.
▓......)}...▓...©....▓.
▓...........▓▓▓▓▓▓▓▓▓▓▓
▓...........▓...8©8...▓
▓...........▓..))))...▓


You could see an apis, a pearl dragon (catching breath) and an angel.

Vanquished Creatures
  A pearl dragon (D)
  2 deep elf master archers (D)
  3 deep elf blademasters (D)
  2 shadow dragons (D)
  2 deep elf sorcerers (D)
  A reaper (D)
  An angel (D)
  An ophan (D)
  An apis (D)
  A black draconian (D)
  2 green draconians (D)
  2 deep elf high priests (D)
  6 dancing weapons (D)
  2 deep elf knights (D)
  6 soul eaters (D)
  3 deep elf archers (D)
  2 deep elf zephyrmancers (D)
  An orc sorcerer (D)
  6 draconians (D)
  5 toenail golems (D)
  2 rust devils (D)
  3 tormentors (D)
  2 jumping spiders (D)
  A meliai (shapeshifter) (D)
  3 wind drakes (D)
  A dream sheep (shapeshifter) (D)
  A water elemental (D)
  9 air elementals (D)
  Sigmund (D)
  A shadow (D)
  2 fire elementals (D)
  Edmund (D)
  Duvessa (D)
  3 hell hounds (D)
  2 black bears (D)
  A necrophage (D)
  A wolf (D)
  A phantom (D)
  Blork the orc (D)
  2 scorpions (D)
  Dowan (D)
  A wight (D)
  Crazy Yiuf (D)
  An iron imp (D)
  Jessica (D)
  A mummy (D)
  A spectral adder (D)
  An adder zombie (D)
  2 bat zombies (D)
  2 ball python skeletons (D)
  2 ball python zombies (D)
  A quokka zombie (D)
104 creatures vanquished.

Vanquished Creatures (others)
  6 foxfires (D)
6 creatures vanquished.

Grand Total: 110 creatures vanquished

Notes
Turn   | Place    | Note
-------+----------+-------------------------------------------
     0 | D        | mhtbhm the Deep Elf Fire Elementalist began the quest for
                  | the Orb.
     0 | D        | Reached XP level 1. HP: 10/10 MP: 6/6
     0 | D        | Found a shimmering blue altar of Sif Muna.
     0 | D        | Found a bloodstained altar of Trog.
     0 | D        | Found a sacrificial altar of Ru.
     0 | D        | Found a stormy altar of Qazlal.
     0 | D        | Found an iron altar of Okawaru.
     1 | D        | Found a sparkling altar of Nemelex Xobeh.
     1 | D        | Found a blossoming altar of Fedhas.
     2 | D        | Found the +6 Majin-Bo {vamp, MP+6 Int+6}
     2 | D        | Found the +9 heavy crossbow "Sniper" {vorpal, Acc+∞ SInv}
     2 | D        | Found the +10 dark maul {vorpal}
     2 | D        | Found the +15 Maxwell's patent armour {-Cast -Tele rElec
                  | Will+ rCorr}
     2 | D        | Found the +18 shield of the Gong {rElec rN+ Will+ EV-5}
     2 | D        | Found the +14 obsidian axe {vorpal, Drain Fly SInv}
     2 | D        | Found the +7 great mace "Firestarter" {inner flame, rF++}
     2 | D        | Found the +6 shillelagh "Devastator" {shatter}
     2 | D        | Found the +11 plutonium sword {Contam Stlth-}
     2 | D        | Found the +8 lance "Wyrmbane" {slay drac, rPois rF+ rC+
                  | AC+3}
     2 | D        | Found the +9 sword of Zonguldrok {reap}
     2 | D        | Found the +13 scythe of Curses {drain, Drain}
     2 | D        | Found the +5 sword of Power {vorpal}
     2 | D        | Found the +7 mace of Variability {chain chaos}
     2 | D        | Found the +7 Singing Sword {vorpal, sonic wave}
     2 | D        | Found the +8 storm bow {elec, penet}
     3 | D        | Found a transporter.
     3 | D        | Found an ancient bone altar of Kikubaaqudgha.
     3 | D        | Found a viscous altar of Jiyva.
     3 | D        | Found a corrupted altar of Lugonu.
     3 | D        | Found a hazy altar of Hepliaklqana.
     3 | D        | Found a burning altar of Makhleb.
     3 | D        | Found an opulent altar of Gozag.
    35 | D        | Became a worshipper of Vehumet
    56 | D        | Entered arena 2.
    56 | D        | Noticed a fire elemental
    56 | D        | Noticed a hell hound
    56 | D        | Found a transporter.
    61 | D        | Killed a hell hound
    62 | D        | Reached skill level 5 in Spellcasting
    62 | D        | Reached skill level 1 in Evocations
    62 | D        | Reached XP level 2. HP: 10/15 MP: 6/10
    62 | D        | Reached XP level 3. HP: 12/19 MP: 7/12
    62 | D        | Reached XP level 4. HP: 16/24 MP: 7/13
    67 | D        | Killed a fire elemental
    67 | D        | Reached * piety under Vehumet
    67 | D        | Offered knowledge of Freeze by Vehumet.
    68 | D        | Reached skill level 5 in Dodging
    68 | D        | Reached skill level 5 in Stealth
    68 | D        | Reached skill level 7 in Spellcasting
    68 | D        | Reached skill level 10 in Fire Magic
    68 | D        | Reached XP level 5. HP: 7/28 MP: 7/16
   129 | D        | Learned a level 3 spell: Conjure Flame
   133 | D        | Learned a level 3 spell: Inner Flame
   138 | D        | Learned a level 4 spell: Sticky Flame
   144 | D        | Learned a level 5 spell: Fireball
   293 | D        | Entered arena 3.
   293 | D        | Noticed a wolf
   293 | D        | Noticed a black bear
   293 | D        | Noticed a black bear
   293 | D        | Found a transporter.
   302 | D        | Killed a black bear
   303 | D        | Reached skill level 8 in Spellcasting
   303 | D        | Reached XP level 6. HP: 18/32 MP: 12/19
   304 | D        | Reached skill level 9 in Spellcasting
   442 | D        | Entered arena 4.
   442 | D        | Noticed an air elemental
   442 | D        | Noticed an air elemental
   442 | D        | Noticed an air elemental
   442 | D        | Noticed an air elemental
   442 | D        | Found a transporter.
   444 | D        | Killed an air elemental
   444 | D        | Offered knowledge of Sandblast by Vehumet.
   444 | D        | Reached ** piety under Vehumet
   445 | D        | Reached XP level 7. HP: 27/36 MP: 22/22
   446 | D        | Killed an air elemental
   447 | D        | Reached skill level 10 in Spellcasting
   447 | D        | Killed an air elemental
   450 | D        | Killed an air elemental
   451 | D        | Reached skill level 5 in Evocations
   451 | D        | Reached XP level 8. HP: 12/41 MP: 11/24
   680 | D        | Entered arena 5.
   680 | D        | Noticed a jumping spider
   680 | D        | Noticed a jumping spider
   680 | D        | Found a transporter.
   682 | D        | Killed a jumping spider
   682 | D        | Offered knowledge of Stone Arrow by Vehumet.
   682 | D        | Reached *** piety under Vehumet
   683 | D        | Reached skill level 11 in Spellcasting
   683 | D        | Killed a jumping spider
   684 | D        | Reached skill level 5 in Conjurations
   820 | D        | Learned a level 8 spell: Ignition
   821 | D        | Entered arena 6.
   821 | D        | Noticed a toenail golem
   821 | D        | Noticed a toenail golem
   821 | D        | Noticed a toenail golem
   821 | D        | Noticed a toenail golem
   821 | D        | Noticed a toenail golem
   821 | D        | Found a transporter.
   822 | D        | Found the +7 pair of quick blades "Gyre" and "Gimble"
                  | {protect}
   823 | D        | Killed a toenail golem
   823 | D        | Offered knowledge of Frozen Ramparts by Vehumet.
   823 | D        | Reached **** piety under Vehumet
   823 | D        | Killed a toenail golem
   823 | D        | Killed a toenail golem
   824 | D        | Reached skill level 1 in Fighting
   824 | D        | Reached skill level 13 in Spellcasting
   824 | D        | Reached skill level 15 in Fire Magic
   824 | D        | Reached XP level 9. HP: 47/47 MP: 13/28
   824 | D        | Killed a toenail golem
   826 | D        | Killed a toenail golem
   826 | D        | Reached ***** piety under Vehumet
   936 | D        | Entered arena 7.
   938 | D        | Reached skill level 10 in Dodging
   938 | D        | Found a transporter.
   957 | D        | Entered arena 8.
   957 | D        | Noticed a deep elf zephyrmancer
   957 | D        | Noticed an orc sorcerer
   957 | D        | Noticed a meliai
   957 | D        | Noticed a deep elf archer
   957 | D        | Noticed a deep elf archer
   958 | D        | Killed a meliai
   958 | D        | Offered knowledge of Fulminant Prism by Vehumet.
   958 | D        | Killed a deep elf zephyrmancer
   958 | D        | Killed a deep elf archer
   958 | D        | Reached ****** piety under Vehumet
   958 | D        | Killed an orc sorcerer
   959 | D        | Reached skill level 15 in Spellcasting
   959 | D        | Reached XP level 10. HP: 6/52 MP: 28/31
   962 | D        | Killed a deep elf archer
   963 | D        | Found a transporter.
  1024 | D        | Entered arena 9.
  1024 | D        | Noticed Sigmund
  1024 | D        | Noticed Jessica
  1024 | D        | Noticed Blork the orc
  1024 | D        | Noticed Crazy Yiuf
  1024 | D        | Noticed Dowan
  1024 | D        | Noticed Duvessa
  1024 | D        | Noticed Edmund
  1025 | D        | Killed Jessica
  1025 | D        | Killed Crazy Yiuf
  1025 | D        | Killed Duvessa
  1025 | D        | Killed Dowan
  1025 | D        | Killed Sigmund
  1025 | D        | Killed Blork the orc
  1025 | D        | Killed Edmund
  1026 | D        | Reached skill level 16 in Spellcasting
  1026 | D        | Found a transporter.
  1034 | D        | Got the ring "Kucies" {Will- rCorr Str+6 Dex+4 Stlth+}
  1061 | D        | Entered arena 10.
  1063 | D        | Reached skill level 17 in Spellcasting
  1063 | D        | Found a transporter.
  1082 | D        | Entered arena 11.
  1082 | D        | Noticed a draconian
  1082 | D        | Noticed a draconian
  1082 | D        | Noticed a green draconian
  1082 | D        | Noticed a draconian
  1082 | D        | Noticed a draconian
  1082 | D        | Noticed a draconian
  1082 | D        | Noticed a green draconian
  1082 | D        | Noticed a draconian
  1082 | D        | Noticed a black draconian
  1082 | D        | Identified the amulet "Dij Ovit" {Reflect -Cast Str-2 Dex+8
                  | Slay+3 SH+5}
  1083 | D        | Identified the +3 morningstar "Tumuubolur" {vorpal, rPois
                  | rN+ Int-4 Dex+3}
  1083 | D        | Killed a draconian
  1083 | D        | Killed a draconian
  1083 | D        | Killed a draconian
  1083 | D        | Killed a green draconian
  1083 | D        | Killed a draconian
  1083 | D        | Killed a green draconian
  1083 | D        | Killed a draconian
  1084 | D        | Reached skill level 19 in Spellcasting
  1084 | D        | Reached skill level 10 in Evocations
  1084 | D        | Reached XP level 11. HP: 56/56 MP: 33/36
  1089 | D        | Killed a black draconian
  1090 | D        | Reached skill level 20 in Spellcasting
  1090 | D        | Found a transporter.
  1213 | D        | Learned a level 5 spell: Lee's Rapid Deconstruction
  1216 | D        | Entered arena 12.
  1216 | D        | Noticed a +1 hand axe of flaming
  1216 | D        | Noticed a deep elf master archer
  1216 | D        | Noticed a deep elf blademaster
  1216 | D        | Noticed a deep elf blademaster
  1216 | D        | Noticed a deep elf high priest
  1216 | D        | Noticed a deep elf knight
  1216 | D        | Noticed a +1 flail of draining
  1217 | D        | Killed a deep elf high priest
  1217 | D        | Offered knowledge of Bolt of Magma by Vehumet.
  1217 | D        | Killed a deep elf master archer
  1217 | D        | Killed a deep elf knight
  1217 | D        | Killed a deep elf blademaster
  1217 | D        | Noticed a +3 vorpal dire flail
  1218 | D        | Reached skill level 21 in Spellcasting
  1218 | D        | Reached XP level 12. HP: 61/61 MP: 37/39
  1218 | D        | Killed a deep elf blademaster
  1219 | D        | Reached skill level 22 in Spellcasting
  1222 | D        | Found a transporter.
  1225 | D        | Reached skill level 23 in Spellcasting
  1401 | D        | Learned a level 9 spell: Shatter
  1402 | D        | Entered arena 13.
  1402 | D        | Noticed a deep elf blademaster
  1402 | D        | Noticed a deep elf sorcerer
  1402 | D        | Noticed a deep elf sorcerer
  1402 | D        | Noticed a deep elf high priest
  1403 | D        | Killed a deep elf master archer
  1403 | D        | Killed a deep elf high priest
  1403 | D        | Killed a deep elf sorcerer
  1403 | D        | Offered knowledge of Eringya's Noxious Bog by Vehumet.
  1404 | D        | Reached skill level 24 in Spellcasting
  1404 | D        | Killed a deep elf sorcerer
  1405 | D        | Reached XP level 13. HP: 35/66 MP: 36/43
  1405 | D        | Killed a deep elf blademaster
  1405 | D        | Identified the +6 trident of the Madman {flame, Dex+7}
  1406 | D        | Reached skill level 25 in Spellcasting
  1493 | D        | Found a transporter.
  1578 | D        | Entered arena 14.
  1579 | D        | Noticed a shadow dragon
  1582 | D        | Offered knowledge of Iskenderun's Battlesphere by Vehumet.
  1582 | D        | Killed a shadow dragon
  1583 | D        | Reached skill level 26 in Spellcasting
  1588 | D        | Noticed a shadow dragon
  1595 | D        | Killed a shadow dragon
  1697 | D        | Found the +12 glaive of Prune {vorpal}
  1697 | D        | Found a transporter.
  1712 | D        | Got Oteink's Advanced Wizardry
  1721 | D        | Entered arena 15.
  1723 | D        | Noticed a reaper
  1724 | D        | Found the +8 Wrath of Trog {antimagic, *Rage}
  1724 | D        | Offered knowledge of Ozocubu's Refrigeration by Vehumet.
  1725 | D        | Killed a reaper
  1726 | D        | Reached skill level 27 in Spellcasting
  1791 | D        | Found a transporter.
  1801 | D        | Got the ring "Bopni" {Str+6 Dex+3}
  1826 | D        | Entered arena 16.
  1827 | D        | Noticed an angel
  1827 | D        | Noticed an angel
  1827 | D        | Noticed an ophan
  1828 | D        | Noticed a pearl dragon
  1828 | D        | Noticed an apis
  1829 | D        | Killed an angel
  1829 | D        | Noticed a pearl dragon
  1830 | D        | Killed an ophan
  1831 | D        | Killed an apis
  1834 | D        | Noticed an apis
  1834 | D        | Killed a pearl dragon
  1835 | D        | Reached XP level 14. HP: 47/72 MP: 23/47
  1836 | D        | Annihilated by a pearl dragon

Illustrated notes

Levels and vault maps discovered:
D:        sprint_v [room_start, room_1, room_2, room_3, room_4, room_5, room_6,
          room_7, room_8, room_9, room_10, room_11, room_12, room_13, room_14,
          room_15, room_16, room_17, room_18, room_19, room_20, room_21,
          room_22, room_23, room_24, room_25, room_26, room_27]

Skill      XL: |  1  2  3  4  5  6  7  8  9 10 11 12 13 |
---------------+----------------------------------------+-----
Dodging        | 4 5 6 7 9 10 11 | 11.0
Stealth        | 4 5 |  5.0
Spellcasting   | 5 7 8 9 10 13 15 19 21 24 27 | 27.0
Fire Magic     | 8 10 11 12 13 15 16 19 20 22 25 | 25.6
Evocations     | 1 2 3 4 5 7 9 10 11 12 | 12.6
Conjurations   | 2 3 4 6 7 8 |  8.3
Fighting       | 1 2 |  2.3

Action                   |  1- 3 |  4- 6 |  7- 9 | 10-12 | 13-15 || total
-------------------------+-------+-------+-------+-------+-------++-------
 Cast: Fireball          |       |     3 |       |       |     4 ||     7
       Sticky Flame      |       |       |     4 |       |       ||     4
       Ignition          |       |       |     5 |    12 |    15 ||    32
       Foxfire           |       |       |       |       |     3 ||     3
Evoke: Wand              |     3 |     5 |     1 |     4 |     1 ||    14
       Lightning rod     |       |     1 |     4 |     2 |     4 ||    11
       Condenser vane    |       |     1 |     1 |     2 |     2 ||     6
       Tin of tremorston |       |       |       |     1 |     5 ||     6
  Use: Scroll            |     2 |     2 |       |     1 |       ||     5
       Potion            |       |     1 |     2 |     2 |     1 ||     6
Armor: Robe              |       |     2 |       |       |     3 ||     5
Dodge: Dodged            |     1 |     2 |    10 |     1 |     8 ||    22

Table legend: (Time is in decaauts)
 A = Elapsed time spent in this place.
 B = Non-inter-level travel time spent in this place.
 C = Inter-level travel time spent in this place.
 D = Time resting spent in this place.
 E = Time spent auto-exploring this place.
 F = Levels seen in this place.
 G = Mean time per level.
                   A        B        C        D        E       F      G
               +--------+--------+--------+--------+--------+-----+--------+
         Total |   1836 |   1836 |      0 |   1259 |      0 |   1 | 1836.0 |
       Dungeon |   1836 |   1836 |      0 |   1259 |      0 |   1 | 1836.0 |
               +--------+--------+--------+--------+--------+-----+--------+

Top non-repeatable levels by time:
       D: 1836 daAuts
